 Dungeon Crawl Stone Soup version 0.24.0-41-g2ae2f7f1be (webtiles) character file.

Game seed: 7624322486100462772, levelgen mode: deterministic

3623 roguesci the Sneak (level 10, -3/91 HPs)
             Began as a Naga Transmuter on Dec 14, 2019.
             Was a Believer of Cheibriados.
             Killed by divine providence
             ... invoked by an orc priest
              (11 damage)
             ... on level 8 of the Dungeon.
             The game lasted 00:21:40 (10305 turns).

roguesci the Sneak (Naga Transmuter)               Turns: 10305, Time: 00:21:40

Health: -3/91      AC:  2    Str: 21    XL:     10   Next: 11%
Magic:  26/26      EV: 25    Int: 19    God:    Cheibriados [**....]
Gold:   360        SH:  0    Dex: 21    Spells: 14/18 levels left

rFire    . . .     SeeInvis +     - Unarmed
rCold    . . .     Gourm    .   (shield currently unavailable)
rNeg     . . .     Faith    .   (armour currently unavailable)
rPois    x         Spirit   .   (helmet currently unavailable)
rElec    .         Reflect  .   (cloak currently unavailable)
rCorr    .         Harm     .   (gloves currently unavailable)
MR       +....                  (no barding)
Stlth    ++++......             (no amulet)
HPRegen  0.25/turn              p - ring of flight
MPRegen  0.20/turn              z - ring of magical power

@: spider-form, very slow
A: tiny, see invisible, slow metabolism 1, spit poison 1, AC +3
a: Spit Poison, End Transformation, Bend Time, Renounce Religion, Evoke Flight


You were on level 8 of the Dungeon.
You worshipped Cheibriados.
Cheibriados was pleased with you.
You were hungry.
You were a venomous arachnid creature.
You visited 1 branch of the dungeon, and saw 8 of its levels.

You collected 360 gold pieces.

Inventory:

Hand Weapons
 e - a +0 short sword of flaming (melded)
 q - a +2 whip of flaming
Missiles
 a - 125 arrows
 l - 182 stones (quivered)
Armour
 i - the +4 skin of Zhor (melded) {Hibernate rC+++ SInv}
   (You found it on level 7 of the Dungeon)

   It renders you almost immune to cold.
   It lets you see invisible.
Jewellery
 p - a ring of flight (left front leg)
 z - a ring of magical power (right front leg)
Wands
 b - a wand of paralysis (3)
 x - a wand of acid (9)
 y - a wand of iceblast (10)
 C - a wand of enslavement (10)
Scrolls
 c - 2 scrolls of fear {unknown}
 f - a scroll of enchant weapon {unknown}
 j - 11 scrolls of remove curse {unknown}
 n - 9 scrolls of identify
 o - 3 scrolls of noise {unknown}
 r - 6 scrolls of teleportation {unknown}
 s - 3 scrolls of amnesia {unknown}
 u - a scroll of immolation {unknown}
 v - 2 scrolls of fog {unknown}
 w - 2 scrolls of enchant armour {unknown}
 A - a scroll of magic mapping {unknown}
 B - a scroll of random uselessness {unknown}
 E - a scroll of blinking {unknown}
Potions
 g - 3 potions of lignification
 m - a potion of degeneration {unknown}
 t - a potion of agility {unknown}
 D - a potion of mutation {unknown}
 G - a potion of berserk rage {unknown}
Comestibles
 d - 15 rations


   Skills:
 * Level 6.2 Fighting
 - Level 1.0 Armour
 * Level 5.6 Dodging
 + Level 7.0 Stealth
 + Level 5.2 Unarmed Combat
 + Level 4.8 Spellcasting
 * Level 6.6 Transmutations
 - Level 4.0 Poison Magic


You had 14 spell levels left.
You knew the following spells:

 Your Spells              Type           Power        Failure   Level  Hunger
a - Beastly Appendage     Tmut           ####..       4%          1    None
b - Spider Form           Tmut/Pois      ###.......   13%         3    ##.....

Your spell library contained the following spells:

 Spells                   Type           Power        Failure   Level  Hunger
 Sticks to Snakes         Tmut           ####....     6%          2    #......
 Animate Skeleton         Necr           N/A          30%         1    None
 Apportation              Tloc           #.....       30%         1    None
 Confusing Touch          Hex            #.....       30%         1    None
 Summon Small Mammal      Summ           #...         30%         1    None
 Blade Hands              Tmut           ####......   43%         5    ######.
 Ice Form                 Ice/Tmut       ###.....     54%         4    ####...


Dungeon Overview and Level Annotations

Branches:
Dungeon (8/15)             Temple (0/1) D:7
   Lair: D:8-11

Altars:
Cheibriados
Dithmenos
Gozag
Hepliaklqana
Makhleb
Nemelex Xobeh
Okawaru
Qazlal
Ru
Sif Muna
Uskayaw
Wu Jian
Xom
The Shining One

Shops:
D:6 (

Annotations:
D:3 2 transporters, Nebesus's ghost, amateur GrFi


Innate Abilities, Weirdness & Mutations

You cannot wear boots.
((Your serpentine skin is tough. (AC +3)))
You have supernaturally acute eyesight. (SInv)
((Armour fits poorly on your strangely shaped body.))
((Your system is resistant to poisons. (rPois)))
((You cover ground very slowly.))
You have a slow metabolism.
You can spit poison.


Message History

The wyvern closely misses you.
You hit the wyvern.
The wyvern looks as sick as possible!
The wyvern is almost dead.
The wyvern bites you!
* * * LOW HITPOINT WARNING * * *
The wyvern closely misses you.
You kill the wyvern!
Cheibriados thoroughly appreciates the change of pace.
Your Stealth skill increases to level 7!
You barely miss the orc.
The orc priest calls down the wrath of Beogh upon you.
Beogh smites you!
* * * LOW HITPOINT WARNING * * *
Okay, then.
The orc priest looks satisfied for a moment.
The orc hits you but does no damage. The orc barely misses you.
The orc priest invokes the aid of Beogh against you.
Beogh smites you!
You die...

#...# ##. ##'##
#### #.# ...# ###
...# ...# #.##
##### #.#
#######.##...##
#.####....... #s..#
#........###
#.#......
######.....# #o#
##### #####.#
#o#### #.# #oo.o#
#.# ##.##.#
#.####...#.####
#...$.._....)o#
####.#..$####)o....


You could see 2 orc priests and 2 orcs.

Vanquished Creatures
  Pikel (D:4)
  Joseph (D:7)
  A wyvern (D:8)
  A hungry ghost (D:7)
  A water moccasin (D:8)
  An ice beast (D:5)
  A sky beast (D:5)
  3 ogres
  2 centaurs
  A big kobold (D:7)
  5 bullfrogs
  2 scorpions
  3 wights (D:6)
  3 killer bees (D:8)
  5 crimson imps
  A centaur zombie (D:5)
  2 hounds
  A centaur skeleton (D:6)
  4 jellies
  2 orc priests
  A bullfrog skeleton (D:5)
  9 worker ants
  4 orc wizards (D:8)
  A howler monkey zombie (D:5)
  10 gnolls
  7 adders
  8 oozes
  An adder skeleton (D:8)
  3 worms (D:3)
  5 leopard geckos
  10 orcs
  A giant cockroach (D:6)
  9 goblins
  7 hobgoblins
  A quokka (D:3)
  4 ball pythons (D:3)
  5 bats
  6 frilled lizards
  11 kobolds
  A leopard gecko skeleton (D:4)
  5 rats
150 creatures vanquished.

Vanquished Creatures (others)
  An ogre (D:4)
  An iguana (D:4)
  4 gnolls (D:4)
  3 orcs (D:4)
  A giant cockroach (D:4)
  6 plants (D:3)
16 creatures vanquished.

Grand Total: 166 creatures vanquished

Notes
Turn   | Place    | Note
-------+----------+-------------------------------------------
     0 | D:1      | roguesci the Naga Transmuter began the quest for the Orb.
     0 | D:1      | Reached XP level 1. HP: 18/18 MP: 3/3
    99 | D:1      | Reached XP level 2. HP: 24/25 MP: 3/5
   249 | D:1      | Reached skill level 1 in Stealth
   777 | D:2      | Reached XP level 3. HP: 19/31 MP: 6/6
  1022 | D:2      | Found an ornate altar of the Wu Jian Council.
  1153 | D:2      | Reached skill level 1 in Armour
  2022 | D:2      | Learned a level 3 spell: Spider Form
  2145 | D:3      | Found a transporter.
  2152 | D:3      | Identified the +7 halberd of Ceonauw {vamp, rC++}
  2229 | D:3      | Found a transporter.
  2293 | D:3      | Noticed Nebesus's ghost (amateur GrFi)
  2524 | D:3      | Reached XP level 4. HP: 27/38 MP: 3/7
  3918 | D:4      | Reached skill level 2 in Stealth
  3918 | D:4      | Reached skill level 1 in Poison Magic
  3960 | D:4      | Noticed a slave
  3960 | D:4      | Noticed a slave
  3961 | D:4      | Noticed a slave
  3962 | D:4      | Noticed Pikel
  3964 | D:4      | Noticed a slave
  4007 | D:4      | Killed Pikel
  4007 | D:4      | Reached skill level 3 in Stealth
  4007 | D:4      | Reached XP level 5. HP: 24/49 MP: 2/9
  4007 | D:4      | Reached XP level 6. HP: 28/56 MP: 2/10
  4007 | D:4      | Reached XP level 7. HP: 31/62 MP: 2/11
  4920 | D:5      | Entered Level 5 of the Dungeon
  4995 | D:5      | Reached skill level 4 in Stealth
  5162 | D:5      | Reached XP level 8. HP: 55/72 MP: 9/13
  5483 | D:5      | Found an iron altar of Okawaru.
  5737 | D:5      | Found a stormy altar of Qazlal.
  6334 | D:5      | Found a shadowy altar of Dithmenos.
  6446 | D:5      | Found a shimmering blue altar of Sif Muna.
  7026 | D:6      | Found a sacrificial altar of Ru.
  7260 | D:6      | Reached skill level 5 in Stealth
  7299 | D:6      | Reached skill level 5 in Transmutations
  7654 | D:6      | Found a shimmering altar of Xom.
  7744 | D:6      | Found a snail-covered altar of Cheibriados.
  7751 | D:6      | Became a worshipper of Cheibriados the Contemplative
  7770 | D:6      | Reached XP level 9. HP: 79/79 MP: 15/15
  8147 | D:6      | Found Sullaby's Weapon Emporium.
  8385 | D:6      | Found a shimmering altar of Xom.
  8386 | D:6      | Found a sparkling altar of Nemelex Xobeh.
  8387 | D:6      | Found a burning altar of Makhleb.
  8482 | D:7      | Noticed Joseph
  8579 | D:7      | Killed Joseph
  8579 | D:7      | Reached skill level 5 in Fighting
  8779 | D:7      | Found a staircase to the Ecumenical Temple.
  8792 | D:7      | Found the +4 skin of Zhor {Hibernate rC+++ SInv}
  8995 | D:7      | Reached skill level 6 in Stealth
  9005 | D:7      | Reached * piety under Cheibriados
  9035 | D:7      | Found a glowing golden altar of the Shining One.
  9204 | D:7      | Reached skill level 5 in Dodging
  9259 | D:7      | Found a hide-covered altar of Uskayaw.
  9319 | D:7      | Found an opulent altar of Gozag.
  9801 | D:8      | Reached skill level 5 in Unarmed Combat
  9870 | D:8      | Reached ** piety under Cheibriados
 10094 | D:8      | Reached XP level 10. HP: 76/91 MP: 17/17
 10249 | D:8      | Found a hazy altar of Hepliaklqana.
 10297 | D:8      | Reached skill level 7 in Stealth
 10305 | D:8      | Killed from afar by an orc priest

Levels and vault maps discovered:
D:1:      lemuel_arrival_room, layout_basic
D:2:      layout_basic, lemuel_round_altar, first_ration
D:3:      minmay_bubble_buster, layout_loops_ring,
          gammafunk_ghost_gnarly_gnolls, grunt_ministairs_3
D:4:      layout_rooms, uniq_pikel
D:5:      layout_layer_cave, grunt_qazlal_clouds, kennysheep_mini,
          lemuel_coloured_pillars_altar, kennysheep_cross_room, led_sif_pool
D:6:      layout_loops_ring, lemuel_crystal_altar, hangedman_ru_absence,
          minitemple, serial_shops, shop, basic_altar, kennysheep_generic_room_6
D:7:      layout_loops_ring, old_standard_altar, kennysheep_little_box,
          grunt_gozag_breadcrumbs, minmay_temple_entry_junction, uniq_joseph
D:8:      layout_loops_cross, nicolae_overflow_crystal_walls,
          hangedman_little_slice_of_home, tgw_trog

Skill      XL: |  1  2  3  4  5  6  7  8  9 10 |
---------------+-------------------------------+-----
Stealth        | 1 3 4 5 6 7 |  7.0
Dodging        | 2 3 4 5 |  5.6
Armour         | 1 |  1.0
Poison Magic   | 2 3 4 |  4.0
Fighting       | 3 4 6 |  6.2
Spellcasting   | 3 4 |  4.8
Transmutations | 3 4 5 6 |  6.6
Unarmed Combat | 4 5 |  5.2

Action                   |  1- 3 |  4- 6 |  7- 9 | 10-12 || total
-------------------------+-------+-------+-------+-------++-------
Melee: Unarmed           |    41 |    22 |   305 |    36 ||   404
       Headbutt          |     7 |       |       |       ||     7
       Short sword       |    50 |    79 |   168 |     1 ||   298
       Punch             |     1 |       |     2 |       ||     3
Throw: Stone             |     2 |     3 |     2 |       ||     7
 Cast: Beastly Appendage |    11 |     1 |     1 |       ||    13
       Spider Form       |     2 |     6 |    46 |     2 ||    56
 Abil: Spit Poison       |    11 |     4 |     9 |     1 ||    25
       End Transformatio |       |       |     3 |       ||     3
  Use: Potion            |     2 |     2 |     9 |     3 ||    16
       Scroll            |       |       |     1 |       ||     1
 Stab: Sleeping          |     1 |       |     6 |     1 ||     8
  Eat: Chunk             |     5 |     5 |     8 |       ||    18
       Ration            |       |       |     4 |       ||     4
Armor: Robe              |    13 |     5 |    23 |       ||    41
       Skin              |     2 |    95 |     7 |     3 ||   107
       Animal skin       |       |       |    16 |       ||    16
Dodge: Dodged            |    42 |    44 |   344 |    27 ||   457
